 Dungeon Crawl Stone Soup version 0.26-a0-651-gb41185065b (webtiles) character file.

Game seed: 8736086713287456808

1640 DoubleLucky the Purveyor of Pain (level 8, -10/54 HPs)
             Began as a Vampire Necromancer on Sept 29, 2020.
             Was an Initiate of Kikubaaqudgha.
             Mangled by an ogre
             ... wielding a +0 giant spiked club
              (17 damage)
             ... on level 6 of the Dungeon on Sept 30, 2020.
             The game lasted 01:13:51 (10008 turns).

DoubleLucky the Purveyor of Pain (VpNe)            Turns: 10008, Time: 01:13:51

Health: -10/54     AC:  7    Str:  5 (7)  XL:     8   Next: 66%
Magic:  11/15      EV: 14    Int: 19      God:    Kikubaaqudgha [......]
Gold:   110        SH:  0    Dex: 15      Spells: 7/16 levels left

rFire    . . .     SeeInvis +   f - +0 dagger
rCold    + . .     Faith    .   (no shield)
rNeg     + . .     Spirit   .   v - +2 leather armour {rN+}
rPois    .         Reflect  .   u - +1 helmet
rElec    .         Harm     .   (no cloak)
rCorr    .         Rampage  .   (no gloves)
MR       .....                  (no boots)
Stlth    ++........             (no amulet)
HPRegen  0.38/turn              q - ring of protection from cold
MPRegen  0.14/turn              w - ring of wizardry

@: regenerating quickly
A: fangs 3, see invisible, [frail 1], unbreathing
a: Exsanguinate, Renounce Religion


You were on level 6 of the Dungeon.
You worshipped Kikubaaqudgha.
Kikubaaqudgha was noncommittal.
You visited 2 branches of the dungeon, and saw 8 of its levels.

You collected 257 gold pieces.
You spent 147 gold pieces at shops.

Inventory:

Hand Weapons
 f - a +0 dagger (weapon)
 i - a cursed +0 falchion
Missiles
 b - 177 stones (quivered)
Armour
 j - a +3 leather armour
 u - a +1 helmet (worn)
 v - a +2 leather armour of positive energy (worn)
Jewellery
 q - a ring of protection from cold (left hand)
 w - a ring of wizardry (right hand)
Scrolls
 a - a scroll of amnesia
 c - a scroll of random uselessness {unknown}
 e - 9 scrolls of identify
 k - a scroll of remove curse
 l - 2 scrolls of teleportation
 n - 2 scrolls of blinking
 o - a scroll of enchant weapon {unknown}
 r - 2 scrolls of immolation {unknown}
 s - 2 scrolls of enchant armour
Potions
 d - a potion of flight {unknown}
 g - 2 potions of curing {unknown}
 h - a potion of haste {unknown}
 m - 2 potions of magic {unknown}
 p - 3 potions of cancellation {unknown}
 t - a potion of mutation {unknown}


   Skills:
 + Level 4.4 Fighting
 + Level 5.1 Short Blades
 + Level 5.7 Dodging
 - Level 3.0 Stealth
 + Level 4.9 Spellcasting
 + Level 6.9 Necromancy


You had 7 spell levels left.
You knew the following spells:

 Your Spells              Type           Power        Failure   Level
a - Pain                  Necr           ####         1%          1
b - Animate Skeleton      Necr           ####..       1%          1
c - Vampiric Draining     Necr           ####......   1%          3
d - Animate Dead          Necr           ####......   4%          4

Your spell library contained the following spells:

 Spells                   Type           Power        Failure   Level
 Sublimation of Blood     Necr           ####......   1%          2
 Corpse Rot               Necr/Air       N/A          3%          2
 Agony                    Necr           ####....     14%         5


Dungeon Overview and Level Annotations

Branches:
Dungeon (7/15)             Temple (1/1) D:4

Altars:
Ashenzari
Dithmenos
Elyvilon
Fedhas
Gozag
Hepliaklqana
Kikubaaqudgha
Nemelex Xobeh
Okawaru
Sif Muna
Trog
Xom
Zin
The Shining One

Shops:
D:4 ?(   D:6 (

Annotations:
D:4 1 exclusion


Innate Abilities, Weirdness & Mutations

Your natural rate of healing is unusually fast.
You have razor-sharp teeth.
You have supernaturally acute eyesight. (SInv)
You can survive without breathing.
[You are frail. (-10% HP)]


Message History

Casting: Animate Skeleton (safe; 1% risk of failure)
Confirm with . or Enter, or press ? or * to list all spells.
Aiming: Pain (safe; 1% risk of failure)
Press: ? - help, Shift-Dir - straight line, f/p - ogre
Aim: an ogre, wielding a +0 giant spiked club (chance to defeat MR: 84%)
The ogre writhes in agony!
Pikel hits the ogre with a +2 whip of flaming.
Pikel burns the ogre.
You see here an emerald potion.
The ogre misses you.
The ogre hits you with a +0 giant spiked club!!
* * * LOW HITPOINT WARNING * * *
There is a stone staircase leading up here.
The ogre closely misses you.
You climb upwards.
The phantom hits you but does no damage.
There is a stone staircase leading down here.
The ogre hits you with a +0 giant spiked club!
You die...
Kikubaaqudgha rasps: "You have failed me!
Welcome... death!"

#.####......### #.
#.....#.##### #. #####.#.# #.
#...#.###########.
#.......W.........
############.###.############
#............###.##########..
##W########.WO..[[...........
#.# #.@..#.##########.. #.#
#....#'####### #.. #.#
#............## #.. #.#
####.............# #.. #.#
#................##### #)#
#................##... #.#
#.....##.........##... #.#
#.....##########.##... #.#
#####.##########.##...


You could see a phantom and an ogre.

Vanquished Creatures
  Pikel (D:7)
  A hippogriff (D:6)
  An ogre (D:4)
  A centaur (D:6)
  A lemure (D:3)
  A bullfrog (D:6)
  2 howler monkeys
  3 hounds
  A bullfrog skeleton (D:4)
  2 jellies (D:6)
  An orc priest (D:4)
  2 orc wizards (D:6)
  Jessica (D:2)
  5 worker ants
  A hound skeleton (D:2)
  A mummy (D:5)
  3 gnolls
  8 adders
  2 shadow imps (D:5)
  2 ufetubi
  An adder zombie (D:2)
  4 adder skeletons
  2 dart slugs
  4 leopard geckos
  20 orcs
  10 bats
  3 giant cockroaches
  6 hobgoblins
  13 jackals
  6 kobolds
  5 quokkas
  A ball python (D:5)
  A ball python skeleton (D:4)
  2 frilled lizards
  2 giant cockroach zombies (D:2)
  3 goblins (D:1)
  A goblin zombie (D:5)
  A hobgoblin zombie (D:5)
  A jackal zombie (D:2)
  2 quokka skeletons
  A quokka zombie (D:5)
  2 rats
131 creatures vanquished.

Vanquished Creatures (collateral kills)
  A bullfrog zombie (D:4)
  A bullfrog skeleton (D:7)
  An orc (D:6)
3 creatures vanquished.

Vanquished Creatures (others)
  A withered plant (D:2)
1 creature vanquished.

Grand Total: 135 creatures vanquished

Notes
Turn   | Place    | Note
-------+----------+-------------------------------------------
     0 | D:1      | DoubleLucky the Vampire Necromancer began the quest for the
                  | Orb.
     0 | D:1      | Reached XP level 1. HP: 13/13 MP: 3/3
   315 | D:1      | Reached XP level 2. HP: 19/20 MP: 1/5
   391 | D:1      | Learned a level 1 spell: Animate Skeleton
   905 | D:2      | Found an iron altar of Okawaru.
   994 | D:2      | Reached XP level 3. HP: 14/25 MP: 6/6
  1053 | D:2      | Found a sparkling altar of Nemelex Xobeh.
  1115 | D:2      | Reached skill level 1 in Fighting
  1220 | D:2      | Reached skill level 1 in Short Blades
  1357 | D:2      | Noticed Jessica
  1371 | D:2      | Killed Jessica
  1371 | D:2      | Reached XP level 4. HP: 25/28 MP: 1/7
  2071 | D:3      | Reached skill level 5 in Necromancy
  2233 | D:3      | Found a shadowy altar of Dithmenos.
  2601 | D:3      | Reached XP level 5. HP: 29/34 MP: 4/9
  3404 | D:4      | Found Vuxoh's Weapon Emporium.
  3517 | D:4      | Found Innaq's Magic Scroll Shoppe.
  3521 | D:4      | Bought a scroll of teleportation for 42 gold pieces
  3521 | D:4      | Bought a scroll of blinking for 105 gold pieces
  3830 | D:4      | Reached XP level 6. HP: 15/44 MP: 7/10
  4108 | D:5      | Entered Level 5 of the Dungeon
  4337 | D:4      | Noticed Pikel
  5967 | D:4      | Found a staircase to the Ecumenical Temple.
  5986 | Temple   | Entered the Ecumenical Temple
  6095 | Temple   | Became a worshipper of Kikubaaqudgha
  6435 | D:5      | Found a blossoming altar of Fedhas.
  6775 | D:5      | Found a bloodstained altar of Trog.
  6869 | D:5      | Found an opulent altar of Gozag.
  7166 | D:5      | Learned a level 3 spell: Vampiric Draining
  7247 | D:5      | Reached XP level 7. HP: 24/40 MP: 12/12
  8259 | D:6      | Reached skill level 6 in Necromancy
  8822 | D:6      | Reached XP level 8. HP: 39/59 MP: 6/14
  9311 | D:6      | Found Jeudigosch's Antique Weapon Shop.
  9515 | D:7      | Reached skill level 5 in Dodging
  9592 | D:7      | Noticed a hippogriff
  9621 | D:6      | Killed a hippogriff
  9621 | D:6      | Reached * piety under Kikubaaqudgha
  9621 | D:6      | Identified Kikubaaqudgha's Volume of Black Magic
                  | (Kikubaaqudgha gifted it to you on level 6 of the Dungeon)
  9621 | D:6      | Received a gift from Kikubaaqudgha
  9851 | D:6      | Learned a level 4 spell: Animate Dead
  9962 | D:7      | Killed Pikel
  9962 | D:7      | Reached skill level 5 in Short Blades
 10008 | D:6      | Mangled by an ogre

Illustrated notes

Levels and vault maps discovered:
D:1:      minmay_arrival_widening_spiral_wide, layout_rooms
D:2:      layout_loops_ring, okawaru_ov_weapons_minmay,
          nemelex_xobeh_ov_fountains_minmay, serial_undead, serial_undead_f,
          serial_undead_c, serial_undead_e, serial_undead_c, serial_undead_a,
          kennysheep_generic_room_5, uniq_jessica
D:3:      layout_basic, lemuel_doored_altar
D:4:      layout_basic, minmay_temple_entry_mini_moons, serial_shops, shop,
          shop, minivault_19, uniq_pikel
D:5:      layout_basic, nicolae_gozag_seed_capital, yredelemnul_altar_generic,
          nicolae_ossuary_entry_giza, basic_altar, nrook_loot_triangle,
          trog_three_pillars_becter, uniq_grinder
D:6:      layout_basic, serial_shops, shop
D:7:      layout_rooms, dancing_weapons_uskayaw, sigmund_edmund_badplayer
Temple:   dpeg_three_leaves_temple

Skill      XL: |  1  2  3  4  5  6  7  8 |
---------------+-------------------------+-----
Fighting       | 1 2 3 4 |  4.4
Short Blades   | 1 2 3 4 5 |  5.1
Dodging        | 3 4 5 |  5.7
Necromancy     | 5 6 |  6.9
Spellcasting   | 3 4 |  4.9
Stealth        | |  3.0

Action                   |  1- 3 |  4- 6 |  7- 9 || total
-------------------------+-------+-------+-------++-------
Melee: Dagger            |    48 |   338 |   302 ||   688
       Bite              |     9 |    28 |    27 ||    64
Throw: Stone             |       |     2 |       ||     2
 Cast: Pain              |    47 |   128 |   110 ||   285
       Animate Skeleton  |       |     3 |    16 ||    19
       Vampiric Draining |       |       |     5 ||     5
Invok: Receive Corpses   |       |       |     1 ||     1
 Abil: Exsanguinate      |     1 |     1 |     1 ||     3
       Revivify          |     1 |       |     2 ||     3
       End Transformatio |       |     2 |       ||     2
       Bat Form          |       |     2 |       ||     2
  Use: Scroll            |       |     8 |       ||     8
 Stab: Sleeping          |       |     3 |       ||     3
Armor: Robe              |    18 |     8 |       ||    26
       Leather armour    |       |    57 |   111 ||   168
Dodge: Dodged            |    49 |   234 |   192 ||   475

Table legend: (Time is in decaauts)
 A = Elapsed time spent in this place.
 B = Non-inter-level travel time spent in this place.
 C = Inter-level travel time spent in this place.
 D = Time resting spent in this place.
 E = Time spent auto-exploring this place.
 F = Levels seen in this place.
 G = Mean time per level.
                   A        B        C        D        E       F      G
               +--------+--------+--------+--------+--------+-----+--------+
         Total |   9895 |   9668 |    227 |   1216 |   3782 |   8 | 1236.9 |
       Dungeon |   9770 |   9543 |    227 |   1216 |   3696 |   7 | 1395.7 |
        Temple |    124 |    124 |      0 |      0 |     86 |   1 |  124.0 |
               +--------+--------+--------+--------+--------+-----+--------+

Top non-repeatable levels by time:
     D:3: 2571 daAuts
     D:6: 2271 daAuts
     D:4: 1638 daAuts
     D:2: 1162 daAuts
     D:5: 1103 daAuts
     D:1: 810 daAuts
     D:7: 214 daAuts
  Temple: 124 daAuts
